 Dungeon Crawl Stone Soup version 0.26-a0-651-gb41185065b (webtiles) character file.

Game seed: 13301190811215521743

3534 tilp the Covert (level 9, -11/45 HPs)
             Began as a Spriggan Enchanter on Oct 23, 2020.
             Was a Priest of Dithmenos.
             Hit by a boomerang thrown by an orc warrior (19 damage)
             ... on level 7 of the Dungeon.
             The game lasted 00:15:50 (9932 turns).

tilp the Covert (Spriggan Enchanter)                Turns: 9932, Time: 00:15:50

Health: -11/45     AC:  3    Str:  4    XL:     9   Next: 82%
Magic:  7/17       EV: 40    Int: 20    God:    Dithmenos [***...]
Gold:   436        SH:  0    Dex: 16    Spells: 12/18 levels left

rFire    . . .     SeeInvis +   a - +1 dagger
rCold    . . .     Faith    .   (shield restricted)
rNeg     . . .     Spirit   .   b - +1 robe
rPois    .         Reflect  .   (helmet restricted)
rElec    .         Harm     .   (no cloak)
rCorr    .         Rampage  .   (gloves unavailable)
MR       +....                  (boots unavailable)
Stlth    ++++++....             i - amulet of the acrobat
HPRegen  0.15/turn              (no ring)
MPRegen  0.15/turn              (no ring)

@: acrobat, wreathed by umbra, very quick
A: very small, unfitting armour, see invisible, speed 3
a: Shadow Step, Renounce Religion


You were on level 7 of the Dungeon.
You worshipped Dithmenos.
Dithmenos was most pleased with you.
You visited 1 branch of the dungeon, and saw 7 of its levels.
You also visited: Ossuary.

You collected 436 gold pieces.

Inventory:

Hand Weapons
 a - a +1 dagger (weapon)
 u - a +0 hand axe of flaming
Missiles
 c - 243 stones (quivered)
 g - 11 poisoned darts
 h - a throwing net
 n - 4 boomerangs of dispersal
 s - 12 boomerangs
 B - 86 sling bullets
Armour
 b - a +1 robe (worn)
 G - +0 acid dragon scales
Jewellery
 e - an uncursed ring of ice
 i - an amulet of the acrobat (around neck)
 C - an uncursed amulet of faith {unknown}
Wands
 v - a wand of polymorph (15)
 F - a wand of random effects (17)
Scrolls
 d - 3 scrolls of fog
 f - a scroll of blinking
 k - a scroll of vulnerability {unknown}
 m - 9 scrolls of teleportation
 o - 2 scrolls of amnesia
 t - 2 scrolls of enchant weapon {unknown}
 y - a scroll of remove curse
 A - a scroll of brand weapon {unknown}
 E - a scroll of enchant armour
Potions
 j - 2 potions of haste
 l - a potion of invisibility
 p - 2 potions of might
 q - 9 potions of curing
 r - a potion of lignification {unknown}
 w - a potion of stabbing {unknown}
 x - a potion of degeneration {unknown}
 z - a potion of resistance {unknown}
 D - 2 potions of berserk rage {unknown}


   Skills:
 + Level 3.9 Fighting
 + Level 6.0 Short Blades
 + Level 9.1 Dodging
 + Level 9.2 Stealth
 + Level 5.3 Spellcasting
 + Level 8.8 Hexes
 + Level 2.9 Invocations
 + Level 3.9 Evocations


You had 12 spell levels left.
You knew the following spells:

 Your Spells              Type           Power        Failure   Level
a - Corona                Hex            #####..      1%          1
b - Ensorcelled Hibernat  Hex/Ice        ###...       2%          2
c - Confusing Touch       Hex            #####...     1%          3

Your spell library contained the following spells:

 Spells                   Type           Power        Failure   Level
 Tukima's Dance           Hex            #####...     1%          3
 Dazzling Flash           Conj/Hex       ###...       5%          3
 Summon Guardian Golem    Hex/Summ       ###.....     5%          3
 Sandblast                Erth           #.....       12%         1
 Summon Small Mammal      Summ           #...         12%         1
 Call Imp                 Summ           #.......     17%         2
 Passwall                 Tmut/Erth      #.......     17%         2
 Call Canine Familiar     Summ           #.......     34%         3
 Stone Arrow              Conj/Erth      #.....       34%         3
 Petrify                  Tmut/Erth      #.......     75%         4
 Summon Ice Beast         Ice/Summ       #.......     75%         4
 Summon Lightning Spire   Summ/Air       #.......     75%         4
 Lee's Rapid Deconstruct  Erth           #.........   97%         5


Dungeon Overview and Level Annotations

Branches:
Dungeon (7/15)             Temple (0/1) D:4         Ossuary (visited)

Altars:
Ashenzari
Dithmenos
Qazlal
Uskayaw
Yredelemnul

Shops:
D:4 [   D:5 *


Innate Abilities, Weirdness & Mutations

You are very small and have problems with some larger weapons.
You are too small for most types of armour.
You have supernaturally acute eyesight. (SInv)
You cover ground extremely quickly.


Message History

Dithmenos accepts your kill.
You closely miss the orc warrior.
The orc warrior is lightly wounded.
Casting: Confusing Touch (safe; 1% risk of failure)
Confirm with . or Enter, or press ? or * to list all spells.
Aiming: Ensorcelled Hibernation (safe; 2% risk of failure)
Press: ? - help, Shift-Dir - straight line, f/p - orc warrior
Aim: an orc warrior, wielding a -2 dire flail, wearing a +0 plate armour and quivering 6 boomerangs (lightly wounded, umbra, chance to defeat MR: 51%)
The orc warrior resists with some effort.
The orc warrior hits you with a cursed -2 dire flail!!
Ouch! That really hurt!
* * * LOW HITPOINT WARNING * * *
You emit a cloud of dark smoke.
A quokka zombie comes into view.
The orc warrior throws a boomerang.
The boomerang completely misses you.
The weapon returns to the orc warrior!
You see here a +0 giant club.
The orc warrior throws a boomerang.
The boomerang completely misses you.
The orc warrior throws a boomerang.
The boomerang hits you!!
You die...

#. #.##.#§#.#.#
#..#....o§#rZ.
#..#...§#§#.#.#
#..#....#§§§..#
##.#..###).###§###
#......#..#####..
#...##..####.#
#..##.##..## .#
##.@#.#####.# #
#...#.##..#†#
#....##.##.##
#...###.#.#..# #.
#>..##.##. ### ##
#...##.### ####.
#....##.### ##....
##....##..##
##..###
##^...###.###..##


You could see an orc warrior.

Vanquished Creatures
  Maggie (D:6)
  Prince Ribbit (D:6)
  3 steam dragons (D:6)
  A water moccasin (D:6)
  A sky beast (D:7)
  An ogre (D:7)
  4 ice beasts
  6 bullfrogs
  4 howler monkeys
  3 wights (D:7)
  A hound (D:5)
  A bullfrog zombie (D:7)
  3 centaur zombies
  2 jellies
  An orc priest (D:6)
  A bullfrog skeleton (D:4)
  2 human zombies (Ossuary)
  4 orc wizards
  An iguana (D:4)
  5 worker ants
  Natasha (thrice) (D:3)
  Ijyb (D:4)
  3 big kobold zombies (Ossuary)
  2 hound skeletons
  2 mummies (Ossuary)
  3 howler monkey skeletons
  9 adders
  A shadow imp (D:5)
  An ufetubus (D:5)
  2 oozes (D:1)
  3 adder zombies (Ossuary)
  2 adder skeletons (D:4)
  A worm (D:3)
  2 dart slugs (D:3)
  A leopard gecko (D:1)
  21 orcs
  3 giant cockroaches
  11 goblins
  8 hobgoblins
  7 jackals
  7 kobolds
  2 quokkas
  7 ball pythons
  6 bats
  2 frilled lizards
  2 goblin zombies (Ossuary)
  6 hobgoblin zombies (Ossuary)
  A jackal skeleton (D:3)
  A jackal zombie (Ossuary)
  5 kobold zombies (Ossuary)
  A leopard gecko skeleton (D:4)
  14 orc zombies (Ossuary)
  19 rats
205 creatures vanquished.

Vanquished Creatures (others)
  A bat (D:2)
1 creature vanquished.

Grand Total: 206 creatures vanquished

Notes
Turn   | Place    | Note
-------+----------+-------------------------------------------
     0 | D:1      | tilp the Spriggan Enchanter began the quest for the Orb.
     0 | D:1      | Reached XP level 1. HP: 9/9 MP: 5/5
   501 | D:1      | Reached skill level 5 in Stealth
   501 | D:1      | Reached XP level 2. HP: 6/13 MP: 3/6
   514 | D:1      | Learned a level 2 spell: Ensorcelled Hibernation
  1958 | D:1      | Reached XP level 3. HP: 15/16 MP: 8/8
  1963 | D:1      | Learned a level 3 spell: Confusing Touch
  2441 | D:2      | Found a stormy altar of Qazlal.
  2441 | D:2      | Noticed a water elemental
  2892 | D:2      | Noticed a fire elemental
  2895 | D:2      | Noticed an earth elemental
  2900 | D:2      | Noticed an air elemental
  2908 | D:2      | Reached XP level 4. HP: 21/21 MP: 6/9
  3653 | D:2      | Found a broken altar of Ashenzari.
  3655 | D:2      | Found a basalt altar of Yredelemnul.
  3726 | D:3      | Noticed Natasha
  3727 | D:3      | Killed Natasha
  3733 | D:3      | Reached XP level 5. HP: 24/24 MP: 10/10
  3770 | D:3      | Found a hide-covered altar of Uskayaw.
  4355 | D:3      | Noticed Natasha
  4359 | D:3      | Killed Natasha
  4392 | D:3      | Found a shadowy altar of Dithmenos.
  4419 | D:3      | Became a worshipper of Dithmenos the Shadowed
  4555 | D:3      | Noticed Natasha
  4562 | D:3      | Killed Natasha
  5075 | D:4      | Noticed Ijyb
  5078 | D:4      | Killed Ijyb
  5078 | D:4      | Reached XP level 6. HP: 28/28 MP: 11/11
  5107 | D:4      | Reached skill level 5 in Short Blades
  5116 | D:4      | Found Migoudig's Armour Shop.
  5373 | D:4      | Found a staircase to the Ecumenical Temple.
  5488 | D:5      | Entered Level 5 of the Dungeon
  6032 | D:5      | Noticed an ice beast
  6038 | D:5      | Killed an ice beast
  6038 | D:5      | Reached skill level 5 in Hexes
  6038 | D:5      | Reached XP level 7. HP: 32/32 MP: 10/14
  6081 | D:5      | Found Ojump's Assorted Antiques.
  6190 | D:5      | Reached * piety under Dithmenos
  6815 | D:6      | Found a sand-covered staircase.
  6821 | Ossuary  | Entered an ossuary
  7874 | Ossuary  | Reached ** piety under Dithmenos
  8328 | D:6      | Reached skill level 5 in Dodging
  8328 | D:6      | Reached XP level 8. HP: 29/39 MP: 11/15
  8668 | D:6      | Reached skill level 1 in Invocations
  8668 | D:6      | Reached skill level 1 in Evocations
  8673 | D:6      | Noticed Prince Ribbit
  8688 | D:6      | Killed Prince Ribbit
  8688 | D:6      | Reached XP level 9. HP: 43/44 MP: 7/16
  8852 | D:6      | Noticed Maggie
  8863 | D:6      | Killed Maggie
  9497 | D:6      | Reached *** piety under Dithmenos
  9649 | D:7      | Reached skill level 5 in Spellcasting
  9932 | D:7      | Hit by a boomerang thrown by an orc warrior

Illustrated notes

Levels and vault maps discovered:
D:1:      nagdon_arrival_double_spiral, layout_loops_cross, st_stairs_13
D:2:      layout_rooms, nicolae_qazlal_style_of_elements, minitemple,
          minmay_rat_gold_closets
D:3:      layout_rooms, lemuel_coloured_pillars_altar, old_standard_altar,
          saegor_snake_ambush, uniq_natasha
D:4:      layout_basic, minmay_temple_entry_large_hall, serial_shops,
          nicolae_shop_waterfront, uniq_ijyb
D:5:      layout_basic, serial_shops, shop_fountains, lemuel_old_faithful
D:6:      cheibrodos_steamvent, layout_loops_ring, nicolae_ossuary_entry_plus,
          uniq_prince_ribbit1, uniq_maggie
D:7:      minmay_the_grid_octo_tiled_octocenter
          [minmay_the_grid_octo_fat_diamond, minmay_the_grid_octo_horde,
          minmay_the_grid_octo_fan_narrow, minmay_the_grid_octo_odd_swirl,
          minmay_the_grid_octo_prize_single_spiral,
          minmay_the_grid_square_5x5_half_checkered,
          minmay_the_grid_square_5x5_meh, minmay_the_grid_square_5x5_slash,
          minmay_the_grid_square_5x5_checkered_statues], layout_rooms,
          uniq_crazy_yiuf_cottage

Skill      XL: |  1  2  3  4  5  6  7  8  9 |
---------------+----------------------------+-----
Stealth        | 5 6 8 9 |  9.2
Short Blades   | 2 3 4 5 6 |  6.0
Spellcasting   | 4 5 |  5.3
Hexes          | 5 8 |  8.8
Fighting       | 2 3 |  3.9
Dodging        | 5 8 9 |  9.1
Invocations    | 1 2 |  2.9
Evocations     | 1 3 |  3.9

Action                   |  1- 3 |  4- 6 |  7- 9 || total
-------------------------+-------+-------+-------++-------
Melee: Dagger            |   159 |   234 |   596 ||   989
 Cast: Corona            |     4 |       |       ||     4
       Ensorcelled Hiber |    10 |    30 |    43 ||    83
       Confusing Touch   |       |     5 |    29 ||    34
Evoke: Wand              |       |     1 |       ||     1
  Use: Scroll            |       |     7 |     5 ||    12
 Stab: Sleeping          |    18 |    38 |    35 ||    91
       Confused          |       |     5 |    31 ||    36
       Distracted        |       |       |     5 ||     5
Armor: Robe              |    12 |    16 |    25 ||    53
Dodge: Dodged            |   114 |   140 |   445 ||   699

Table legend: (Time is in decaauts)
 A = Elapsed time spent in this place.
 B = Non-inter-level travel time spent in this place.
 C = Inter-level travel time spent in this place.
 D = Time resting spent in this place.
 E = Time spent auto-exploring this place.
 F = Levels seen in this place.
 G = Mean time per level.
                   A        B        C        D        E       F      G
               +--------+--------+--------+--------+--------+-----+--------+
         Total |   8193 |   8036 |    157 |   3006 |   3328 |   8 | 1024.1 |
       Dungeon |   7064 |   6907 |    157 |   2404 |   3248 |   7 | 1009.1 |
       Ossuary |   1128 |   1128 |      0 |    601 |     80 |   1 | 1128.0 |
               +--------+--------+--------+--------+--------+-----+--------+

Top non-repeatable levels by time:
     D:1: 2222 daAuts
 Ossuary: 1128 daAuts
     D:6: 1065 daAuts
     D:2: 995 daAuts
     D:5: 917 daAuts
     D:3: 874 daAuts
     D:4: 615 daAuts
     D:7: 373 daAuts
